 Dungeon Crawl Stone Soup version 0.31.0-1-g2c135a008e (webtiles) character file.

Game seed: 15309128334586805278

451 Amplified the Trooper (level 6, -2/52 HPs)
             Began as a Minotaur Alchemist on Jan 20, 2024.
             Was an Initiate of the Shining One.
             Shot with an arrow by a centaur (6 damage)
             ... on level 6 of the Dungeon.
             The game lasted 00:03:34 (3056 turns).

Amplified the Trooper (Minotaur Alchemist)          Turns: 3056, Time: 00:03:35

Health: -2/52      AC:  4    Str: 15    XL:     6   Next: 75%
Magic:  7/7        EV: 11    Int: 12    God:    the Shining One [......]
Gold:   129        SH:  0    Dex: 10    Spells: 6/7 levels left

rFire   . . .        a - +1 whip (venom)
rCold   . . .        (no shield)
rNeg    . . .        e - +1 leather armour
rPois   .            (helmet restricted)
rElec   .            (no cloak)
rCorr   .            (no gloves)
SInv    .            (no boots)
Will    +....        (no amulet)
Stlth   +            c - ring of willpower
HPRegen 0.28/turn    (no ring)
MPRegen 0.10/turn

%: no passive effects
@: glowing
A: horns 2, retaliatory headbutt, subdued magic 1
a: Renounce Religion


You were on level 6 of the Dungeon.
You worshipped the Shining One.
The Shining One was noncommittal.
You visited 1 branch of the dungeon, and saw 6 of its levels.

You collected 129 gold pieces.

Inventory:

Hand Weapons
 a - a +1 whip of venom (weapon)
Missiles
 k - 10 poisoned darts
Armour
 e - a +1 leather armour (worn)
 l - a +0 pair of boots
Jewellery
 c - a ring of willpower (left hand)
Wands
 o - a wand of digging (5)
Scrolls
 g - a scroll of vulnerability
 i - a scroll of immolation
Potions
 b - a potion of magic
 h - a potion of attraction


   Skills:
 * Level 4.1 Fighting
 * Level 3.8 Maces & Flails
 - Level 0.6 Polearms
 * Level 2.1 Throwing
 * Level 4.0 Armour
 - Level 2.1 Dodging
 - Level 1.5 Stealth
 - Level 1.3 Spellcasting
 - Level 0.6 Conjurations
 - Level 2.1 Alchemy
 * Level 2.0 Invocations


You had 6 spell levels left.
You knew the following spells:

 Your Spells              Type           Power      Damage    Failure   Level
a - Sting                 Conj/Alch      12%        1d3       17%         1

Your spell library contained the following spells:

 Spells                   Type           Power      Damage    Failure   Level
 Kiss of Death            Conj/Necr      4%         2d5       28%         1
 Slow                     Hex            0%         N/A       30%         1
 Mercury Vapours          Alch/Air       4%         N/A       30%         2
 Mephitic Cloud           Conj/Alch/Air  2%         N/A       54%         3
 Confusing Touch          Hex            0%         N/A       67%         3
 Sigil of Binding         Hex            0%         N/A       67%         3
 Vampiric Draining        Necr           0%         2d6       67%         3
 Volatile Blastmotes      Fire/Tloc      0%         2d10      67%         3
 Olgreb's Toxic Radiance  Alch           4%         N/A       78%         4
 Fulminant Prism          Conj/Alch      1%         3d5       88%         4
 Sticky Flame             Fire/Alch      2%         2d4       90%         4
 Iskenderun's Mystic Bla  Conj/Tloc      1%         2d3       96%         4
 Dispel Undead            Necr           0%         3d6       97%         4


Dungeon Overview and Level Annotations

Branches:
Dungeon (6/15)
 Temple: D:4-7

Altars:
Elyvilon
Kikubaaqudgha
Zin
The Shining One

Shops:
D:4 ?

Annotations:
D:2 Robin


Innate Abilities, Weirdness & Mutations

You have a pair of horns on your head.
You reflexively headbutt those who attack you in melee.
Your spells are a little easier to cast, but a little less powerful.


Message History

The adder closely misses you. You furiously retaliate!
You headbutt the adder.
You climb downwards.
You hear the hiss of flowing sand.
There is an entrance to an ossuary on this level.
Hurry and find it before the portal is buried!
The centaur shouts!
Something shouts, "Scamper home, thou pox-marked toot-wallowing canker-blossom!"
There is a stone staircase leading up here.
Okay, then.
Okay, then.
The adder closely misses you.
Unknown command.
Okay, then.
Okay, then.
Casting: Sting (safe; 17% risk of failure)
Confirm with . or Enter, or press ? or * to list all spells.
You don't know that spell.
Unknown command.
You hit the adder.
The adder is poisoned.
You headbutt the adder, but do no damage.
The adder is almost dead.
The adder bites you but does no damage.
Unknown command.
Unknown command.
Unknown command.
Okay, then.
You kill the adder!
The centaur wields a +0 shortbow.
The centaur shoots an arrow.
The arrow hits you.
* * * LOW HITPOINT WARNING * * *
A shadow imp comes into view.
The centaur shoots an arrow.
The arrow misses you.
Your Armour skill increases to level 4!
Unknown command.
Found 15 gold pieces.
The centaur shoots an arrow.
The arrow barely misses you.
Unknown command.
Unknown command.
The centaur shoots an arrow.
The arrow hits you! The Shining One protects you from harm!
The centaur shoots an arrow.
The arrow hits you.
You die...

# #######
..#.....##
.........##
.........<#
....5c.@..#
..........#
.$........#
..........#
..........#
.........##
..#.....##
#########


You could see a centaur and a shadow imp.

Vanquished Creatures
  3 scorpions
  A hound (D:5)
  A bombardier beetle (D:3)
  A gnoll bouda (D:4)
  An orc wizard (D:4)
  4 gnolls
  4 adders
  3 dart slugs (D:3)
  6 orcs
  6 endoplasms
  3 giant cockroaches
  7 goblins
  7 hobgoblins
  8 jackals (D:3)
  4 kobolds
  4 quokkas
  6 ball pythons
  5 bats
  2 frilled lizards (D:1)
  2 rats
78 creatures vanquished.

Notes
Turn   | Place    | Note
-------+----------+-------------------------------------------
     0 | D:1      | Amplified the Minotaur Alchemist began the quest for the
                  | Orb.
     0 | D:1      | Reached XP level 1. HP: 14/14 MP: 1/1
   167 | D:1      | Reached skill level 1 in Fighting
   167 | D:1      | Reached skill level 1 in Armour
   173 | D:1      | Reached XP level 2. HP: 23/23 MP: 3/3
   309 | D:1      | Reached skill level 1 in Maces & Flails
   502 | D:1      | Reached XP level 3. HP: 29/29 MP: 4/4
   862 | D:2      | Noticed Robin
   940 | D:3      | Reached XP level 4. HP: 37/37 MP: 5/5
  1420 | D:3      | Found a glowing silver altar of Zin.
  1428 | D:3      | Found a white marble altar of Elyvilon.
  1525 | D:3      | Found a glowing golden altar of the Shining One.
  1694 | D:3      | Found an ancient bone altar of Kikubaaqudgha.
  1801 | D:3      | Became a worshipper of the Shining One
  1837 | D:4      | Noticed a scorpion
  1840 | D:4      | Killed a scorpion
  1841 | D:4      | Reached XP level 5. HP: 41/45 MP: 6/6
  1907 | D:4      | Identified the +7 quarterstaff of Iwerghus {freeze, rElec}
  2102 | D:4      | Reached skill level 1 in Throwing
  2122 | D:4      | Reached skill level 1 in Invocations
  2451 | D:4      | Reached XP level 6. HP: 31/52 MP: 7/7
  2743 | D:4      | Found Yree's Magic Scroll Boutique.
  2975 | D:5      | Entered Level 5 of the Dungeon
  2975 | D:5      | Noticed a wyvern
  3044 | D:5      | Gained mutation: Your spells are a little easier to cast,
                  | but a little less powerful. [potion of mutation]
  3056 | D:6      | The Shining One protects you from harm!
  3056 | D:6      | Shot with an arrow by a centaur

Illustrated notes

Levels and vault maps discovered:
D:1:      psy_arrival_heroes, layout_basic,
          hangedman_abyss_or_decor_lesser_grid, chequers_serial_rivers_small_a
D:2:      layout_rooms, serial_shops, nicolae_shop_hallway_plus,
          nrook_mini_backslash, minmay_pentomino_w4, uniq_robin
D:3:      layout_basic, dreamdust_divine_triumvirate,
          lemuel_coloured_pillars_altar
D:4:      minmay_angry_zag, layout_basic, serial_shops,
          nicolae_shop_tiny_statue_garden
D:5:      layout_layer_cave
D:6:      layout_rooms, minmay_temple_entry_mist, serial_shops,
          nicolae_shop_drivethru, nicolae_ossuary_entry_monument, sigmund_army

Skill      XL: |  1  2  3  4  5  6 |
---------------+-------------------+-----
Fighting       | 1 2 3 4 |  4.1
Armour         | 1 2 3 4 |  4.0
Maces & Flails | 1 2 3 |  3.8
Throwing       | 1 2 |  2.1
Invocations    | 1 2 |  2.0
Polearms       | |  0.6
Dodging        | |  2.1
Stealth        | |  1.5
Spellcasting   | |  1.3
Conjurations   | |  0.6
Alchemy        | |  2.1

Action                     |  1- 3 |  4- 6 || total
---------------------------+-------+-------++-------
  Melee: Trident           |     9 |       ||     9
         Whip              |    62 |   122 ||   184
         Headbutt          |    11 |    22 ||    33
         Punch             |       |     1 ||     1
  Throw: Dart              |     1 |     4 ||     5
    Use: Scroll            |     5 |     4 ||     9
         Potion            |       |     4 ||     4
   Stab: Sleeping          |     1 |       ||     1
 Armour: Leather armour    |    45 |    78 ||   123
  Dodge: Dodged            |    48 |    67 ||   115
